 Dungeon Crawl Stone Soup version 0.32-a0-814-g0968bab981 (webtiles) character file.

Game seed: 5894760207508763960

32204 shadizar the Grappler (level 13, -2/137 HPs)
             Began as a Troll Monk on Mar 22, 2024.
             Was the Champion of Okawaru.
             Slain by a ten-headed hydra (14 damage)
             ... on level 3 of the Lair of Beasts.
             The game lasted 00:25:18 (13254 turns).

shadizar the Grappler (Troll Monk)                 Turns: 13254, Time: 00:25:18

Health: -2/137     AC:  9    Str: 29    XL:     13   Next: 30%
Magic:  12/12      EV: 17    Int:  2    God:    Okawaru [******]
Gold:   938        SH: 12    Dex: 12    Spells: 12/12 levels left

rFire   + .          .
                       - Unarmed
rCold   + . .        G - +3 kite shield of the Golden Louse {rF+ rN+ Will+}
rNeg    + . .        M - +0 steam dragon scales
rPois   .            (helmet restricted)
rElec   .            x - +1 cloak
rCorr   +            (gloves unavailable)
SInv    .            (boots unavailable)
Will    ++++.        n - amulet of the acrobat
Stlth   +            g - ring "Lymu" {rC+ Will+++ rCorr Str+3 Int-4}
HPRegen 1.22/turn    y - +5 ring of evasion
MPRegen 0.13/turn

%: acrobat
@: no status effects
A: large, unfitting armour, claws 3, regeneration 1, shaggy fur 1, tough skin 1
a: Renounce Religion, Heroism, Finesse, Duel


You were on level 3 of the Lair of Beasts.
You worshipped Okawaru.
Okawaru was exalted by your worship.
You visited 3 branches of the dungeon, and saw 15 of its levels.
You also visited: Sewer and Bailey.

You collected 938 gold pieces.

Inventory:

Hand Weapons
 m - the +3 greatsling "Punk" {acid, rCorr}
   (Okawaru gifted it to you on level 3 of the Lair of Beasts)

   rCorr:     It protects you from acid and corrosion.
 A - the +3 mace "Nuroot" {drain, rElec rCorr Str+2 Dex+3}
   (You found it in a sewer)

   Str+2:     It affects your strength (+2).
   Dex+3:     It affects your dexterity (+3).
   rElec:     It insulates you from electricity.
   rCorr:     It protects you from acid and corrosion.
 J - a +6 flail of venom
 K - the +6 hand axe "Rynig" {drain, rElec rF- rN+ Int+2}
   (You found it on level 6 of the Dungeon)

   Int+2:     It affects your intelligence (+2).
   rF-:       It makes you vulnerable to fire.
   rElec:     It insulates you from electricity.
   rN+:       It protects you from negative energy.
 L - a +5 broad axe of electrocution
Missiles
 a - 28 javelins (quivered)
 I - 3 silver javelins
Armour
 x - a +1 cloak (worn)
 G - the +3 kite shield of the Golden Louse (worn) {rF+ rN+ Will+}
   (Okawaru gifted it to you on level 3 of the Lair of Beasts)

   rF+:       It protects you from fire.
   rN+:       It protects you from negative energy.
   Will+:     It increases your willpower.
 M - +0 steam dragon scales (worn)
Jewellery
 e - a ring of see invisible
 g - the ring "Lymu" (left claw) {rC+ Will+++ rCorr Str+3 Int-4}
   (You acquired it on level 10 of the Dungeon)

   [ring of resist corrosion]

   Str+3:     It affects your strength (+3).
   Int-4:     It affects your intelligence (-4).
   rC+:       It protects you from cold.
   Will+++:   It greatly increases your willpower.
   rCorr:     It protects you from acid and corrosion.
 j - an amulet of guardian spirit
 n - an amulet of the acrobat (around neck)
 q - a ring of protection from cold
 y - a +5 ring of evasion (right claw)
Wands
 r - a wand of iceblast (5)
 D - a wand of digging (9)
 N - a wand of flame (38)
 O - a wand of mindburst (12)
Scrolls
 c - a scroll of amnesia
 p - 2 scrolls of poison
 s - a scroll of blinking
 w - a scroll of enchant weapon
 B - 2 scrolls of fear
 E - 4 scrolls of teleportation
 H - 2 scrolls of brand weapon
Potions
 b - 2 potions of ambrosia
 d - 2 potions of mutation
 f - 2 potions of attraction {unknown}
 h - 4 potions of curing
 i - 4 potions of might
 k - 4 potions of heal wounds
 l - 2 potions of invisibility {unknown}
 o - a potion of lignification {unknown}
 t - 3 potions of cancellation
 u - 3 potions of haste
 v - 3 potions of resistance
 z - a potion of magic {unknown}
 C - 2 potions of enlightenment {unknown}
 F - a potion of brilliance {unknown}
 Q - 2 potions of degeneration {unknown}


   Skills:
 + Level 11.0 Fighting
 + Level 1.1 Throwing
 + Level 10.9 Dodging
 + Level 6.8 Shields
 + Level 12.9 Unarmed Combat


You had 12 spell levels left.
You didn't know any spells.
Your spell library contained the following spells:

 Spells                   Type           Power      Damage    Failure   Level
 Sting                    Conj/Alch      0%         1d3       75%         1
 Mercury Vapours          Alch/Air       0%         N/A       86%         2
 Anguish                  Hex/Necr       0%         N/A       100%        4
 Brom's Barrelling Bould  Conj/Erth      0%         2d3       100%        4
 Dispel Undead            Necr           0%         3d6       100%        4
 Olgreb's Toxic Radiance  Alch           0%         N/A       100%        4
 Fireball                 Conj/Fire      0%         3d3       100%        5
 Iskenderun's Battlesphe  Conj           0%         2d6       100%        5
 Conjure Ball Lightning   Conj/Air       0%         3x3d6     100%        6
 Orb of Destruction       Conj           0%         9d5       100%        7
 Chain Lightning          Conj/Air       0%         N/A       100%        9
 Fire Storm               Conj/Fire      0%         5d1       100%        9
 Shatter                  Erth           0%         3d5*      100%        9
 Death Channel            Necr           Unusable   N/A       N/A         6

Dungeon Overview and Level Annotations

Branches:
Dungeon (10/15)            Temple (1/1) D:7            Lair (4/5) D:10
 Shoals (0/4) Lair:3       Spider (0/4) Lair:2          Orc (0/2) D:9
  Sewer (visited)          Bailey (visited)
  Slime: Lair:4-5

Altars:
Ashenzari
Cheibriados
Dithmenos
Elyvilon
Fedhas
Gozag
Hepliaklqana
Kikubaaqudgha
Makhleb
Nemelex Xobeh
Okawaru
Qazlal
Ru
Sif Muna
Trog
Uskayaw
Vehumet
Wu Jian
Xom
Yredelemnul
Zin
The Shining One

Shops:
D:6 :   D:8 (   D:10 [

Annotations:
D:6 1 runed translucent door, Crazy Yiuf


Innate Abilities, Weirdness & Mutations

You are too large for most types of armour.
You have claws for hands.
Your natural rate of healing is unusually fast.
You are covered in fur. (AC +1)
You have tough skin. (AC +1)


Message History

The nine-headed hydra completely misses you.
The nine-headed hydra closely misses you.
The nine-headed hydra bites you!
You block the nine-headed hydra's attack.
The nine-headed hydra bites you but does no damage. x2
You tear one of the nine-headed hydra's heads off!
The eight-headed hydra grows two more!
You mangle the ten-headed hydra!!
The ten-headed hydra is heavily wounded.
You block the ten-headed hydra's attack. x2
The ten-headed hydra bites you! The ten-headed hydra barely misses you.
The ten-headed hydra closely misses you.
The ten-headed hydra misses you.
The ten-headed hydra completely misses you.
You block the ten-headed hydra's attack.
The ten-headed hydra bites you but does no damage.
The ten-headed hydra bites you.
You scratch the ten-headed hydra but do no damage.
The ten-headed hydra is heavily wounded.
The ten-headed hydra bites you! x2
The ten-headed hydra bites you but does no damage.
The ten-headed hydra bites you. The ten-headed hydra bites you!
* * * LOW HITPOINT WARNING * * *
The ten-headed hydra bites you.
* * * LOW HITPOINT WARNING * * *
You block the ten-headed hydra's attack. x3
The ten-headed hydra bites you!
* * * LOW HITPOINT WARNING * * *
You scratch the ten-headed hydra but do no damage.
The ten-headed hydra is moderately wounded.
The ten-headed hydra barely misses you.
You block the ten-headed hydra's attack.
The ten-headed hydra closely misses you.
The ten-headed hydra completely misses you.
You block the ten-headed hydra's attack.
The ten-headed hydra barely misses you. The ten-headed hydra bites you.
* * * LOW HITPOINT WARNING * * *
The ten-headed hydra bites you.
* * * LOW HITPOINT WARNING * * *
The ten-headed hydra bites you!
You die...

##P#....<.........##P......
###.............####......
#....##....>.## ##......
###..###.###P# #.......
########.###÷# ######.......
#..........#.# #......... #
##...........### #......... #
#..............#####......... ##
##......>..D@....#.#......... .#
##...............##.......... .##
#P...............###.........
#.###.................##.........
##.#.................###P........
#..P(...............####........
##.................##PP.........
#....#.##.#.##.................
#....#######.#.................


You could see a ten-headed hydra.

Vanquished Creatures
  2 hydras (Lair:3)
  6 death yaks (Lair:3)
  Sonja (Lair:2)
  Pikel (D:7)
  An elephant (Lair:1)
  5 black mambas
  Maggie (D:7)
  13 cane toads
  7 komodo dragons
  A rime drake (D:10)
  A hornet (Lair:2)
  Prince Ribbit (D:8)
  A snapping turtle (Lair:3)
  3 jumping spiders (Lair:2)
  A wraith (D:10)
  A water elemental (Lair:3)
  24 yaks
  5 spriggans (Lair:1)
  5 wyverns
  Grum (D:8)
  6 steam dragons
  Menkaure (D:7)
  10 water moccasins
  18 orc warriors
  Duvessa (D:7)
  3 sky beasts
  3 black bears
  8 ice beasts
  23 wolves
  2 ogres
  2 lemures (D:7)
  15 centaurs
  5 phantoms
  15 bullfrogs
  2 kobold brigands
  2 gnoll sergeants
  A water moccasin zombie (D:5)
  Dowan (D:7)
  7 wights
  3 electric eels
  4 howler monkeys
  2 bombardier beetles
  3 bullfrog zombies (D:5)
  3 hounds
  A jelly (D:5)
  A quasit (D:5)
  10 orc priests
  A gnoll bouda (D:8)
  15 orc wizards
  A sleepcap (D:6)
  4 iguanas
  A hound skeleton (D:5)
  18 gnolls
  10 adders
  6 river rats
  A shadow imp (D:6)
  A white imp (D:6)
  2 ufetubi (D:6)
  An adder zombie (D:5)
  2 dart slugs
  2 ribbon worms
  47 orcs
  12 ball pythons
  2 bats (D:2)
  8 endoplasms
  2 giant cockroaches
  2 goblins
  4 hobgoblins
  4 quokkas
  2 frilled lizards (D:2)
  3 goblin zombies (D:5)
  A hobgoblin zombie (D:5)
  27 kobolds
  3 kobold skeletons (D:5)
  A kobold zombie (D:5)
  An orc skeleton (D:5)
  An orc zombie (D:5)
  22 rats
440 creatures vanquished.

Vanquished Creatures (others)
  An orc warrior (Bailey)
  4 orcs
  A kobold (D:3)
6 creatures vanquished.

Grand Total: 446 creatures vanquished

Notes
Turn   | Place    | Note
-------+----------+-------------------------------------------
     0 | D:1      | shadizar the Troll Monk began the quest for the Orb.
     0 | D:1      | Reached XP level 1. HP: 22/22 MP: 0/0
    93 | D:1      | Reached XP level 2. HP: 26/29 MP: 1/1
  1205 | D:2      | Reached XP level 3. HP: 36/36 MP: 2/2
  1467 | D:3      | Found a glowing drain.
  1479 | Sewer    | Entered a sewer
  1495 | Sewer    | Reached XP level 4. HP: 44/45 MP: 3/3
  1586 | Sewer    | Reached skill level 4 in Unarmed Combat
  1675 | Sewer    | Reached XP level 5. HP: 53/53 MP: 4/4
  1834 | Sewer    | Identified the +3 mace "Nuroot" {drain, rElec rCorr Str+2
                  | Dex+3}
  2268 | D:3      | Found a sacrificial altar of Ru.
  2479 | D:3      | Found a radiant altar of Vehumet.
  2656 | D:3      | Found a faded altar of an unknown god.
  2917 | D:4      | Noticed a phantom
  2937 | D:4      | Killed a phantom
  2938 | D:4      | Reached XP level 6. HP: 62/62 MP: 5/5
  2990 | D:4      | Reached skill level 5 in Unarmed Combat
  3106 | D:4      | Found a glowing silver altar of Zin.
  3303 | D:5      | Entered Level 5 of the Dungeon
  3324 | D:5      | Reached XP level 7. HP: 71/71 MP: 6/6
  3498 | D:5      | Reached skill level 5 in Fighting
  3498 | D:5      | Reached skill level 6 in Unarmed Combat
  3605 | D:5      | Found a glowing golden altar of the Shining One.
  3609 | D:5      | Reached skill level 5 in Dodging
  3655 | D:5      | Reached XP level 8. HP: 80/80 MP: 7/7
  3874 | D:5      | Reached skill level 7 in Unarmed Combat
  3938 | D:5      | Found a hazy altar of Hepliaklqana.
  4112 | D:6      | Found Lautycat's Book Shoppe.
  4172 | D:6      | Reached XP level 9. HP: 89/89 MP: 8/8
  4246 | D:6      | Found an ancient bone altar of Kikubaaqudgha.
  4338 | D:6      | Found a basalt altar of Yredelemnul.
  4487 | D:6      | Reached skill level 8 in Unarmed Combat
  4645 | D:6      | Identified the +6 hand axe "Rynig" {drain, rElec rF- rN+
                  | Int+2}
  4784 | D:6      | Found a runed translucent door.
  4785 | D:6      | Noticed Crazy Yiuf
  4872 | D:7      | Noticed Maggie
  4895 | D:7      | Killed Maggie
  4936 | D:7      | Noticed Menkaure
  4943 | D:7      | Killed Menkaure
  5008 | D:7      | Noticed Duvessa
  5008 | D:7      | Noticed Dowan
  5023 | D:7      | Killed Duvessa
  5025 | D:7      | Killed Dowan
  5120 | D:7      | Noticed Pikel
  5135 | D:7      | Killed Pikel
  5136 | D:7      | Reached skill level 9 in Unarmed Combat
  5136 | D:7      | Reached XP level 10. HP: 60/102 MP: 9/9
  5274 | D:7      | Found a staircase to the Ecumenical Temple.
  5312 | Temple   | Entered the Ecumenical Temple
  5487 | D:7      | Found a burning altar of Makhleb.
  5703 | D:8      | Found a hide-covered altar of Uskayaw.
  6067 | D:8      | Noticed Prince Ribbit
  6121 | D:8      | Killed Prince Ribbit
  6253 | D:8      | Found Tusomako's Weapon Shoppe.
  6267 | D:8      | Noticed Grum
  6276 | D:8      | Killed Grum
  6277 | D:8      | Reached skill level 10 in Unarmed Combat
  6944 | D:9      | Found an iron altar of Okawaru.
  6975 | D:9      | Became a worshipper of Warmaster Okawaru
  6975 | D:9      | Reached * piety under Okawaru
  6975 | D:9      | Reached ** piety under Okawaru
  7210 | D:9      | Found a bloodstained altar of Trog.
  7361 | D:9      | Reached XP level 11. HP: 103/113 MP: 10/10
  7497 | D:9      | Reached *** piety under Okawaru
  7620 | D:9      | Found a staircase to the Orcish Mines.
  7746 | D:9      | Found a blossoming altar of Fedhas.
  8001 | D:10     | Entered Level 10 of the Dungeon
  8001 | D:10     | Found Yrrol's Armour Emporium.
  8016 | D:10     | Found a flagged portal.
  8025 | Bailey   | Entered a bailey
  8318 | Bailey   | Reached skill level 1 in Shields
  9092 | D:10     | Reached **** piety under Okawaru
  9172 | D:10     | Found a staircase to the Lair.
  9201 | D:10     | Reached skill level 11 in Unarmed Combat
  9447 | D:10     | Found a white marble altar of Elyvilon.
  9550 | D:10     | Found a snail-covered altar of Cheibriados.
  9591 | D:10     | Reached ***** piety under Okawaru
  9858 | D:10     | Acquired the ring "Lymu" {rC+ Will+++ rCorr Str+3 Int-4}
  9891 | Lair:1   | Entered Level 1 of the Lair of Beasts
 10054 | Lair:1   | Got the Quarto of Abhorrent Acts
 10094 | Lair:1   | Received a gift from Okawaru
 10098 | Lair:1   | Reached XP level 12. HP: 120/126 MP: 11/11
 10431 | Lair:1   | Reached skill level 10 in Fighting
 10725 | Lair:2   | Found the +3 pair of seven-league boots {Rampage+∞}
 10727 | Lair:2   | Paralysed by a hornet for 1 turns
 10738 | Lair:2   | Reached skill level 10 in Dodging
 10787 | Lair:2   | Found a hole to the Spider Nest.
 10840 | Lair:2   | Received a gift from Okawaru
 10841 | Lair:2   | Reached skill level 5 in Shields
 11023 | Lair:2   | Reached skill level 12 in Unarmed Combat
 11366 | Lair:2   | Noticed Sonja
 11369 | Lair:2   | Killed Sonja
 11405 | Lair:2   | Received a gift from Okawaru
 11969 | Lair:3   | Reached ****** piety under Okawaru
 12140 | Lair:3   | Noticed a death yak
 12168 | Lair:3   | Acquired the +3 greatsling "Punk" {acid, rCorr}
 12168 | Lair:3   | Received a gift from Okawaru
 12168 | Lair:3   | Found the +3 greatsling "Punk" {acid, rCorr}
 12174 | Lair:3   | Acquired the +3 kite shield of the Golden Louse {rF+ rN+
                  | Will+}
 12174 | Lair:3   | Received a gift from Okawaru
 12210 | Lair:3   | Noticed an eight-headed hydra
 12228 | Lair:3   | Killed a 15-headed hydra
 12410 | Lair:3   | Noticed a death yak
 12431 | Lair:3   | Noticed a death yak
 12432 | Lair:3   | Killed a death yak
 12433 | Lair:3   | Noticed a death yak
 12433 | Lair:3   | Noticed a death yak
 12435 | Lair:3   | Noticed a death yak
 12458 | Lair:3   | Killed a death yak
 12472 | Lair:3   | Killed a death yak
 12472 | Lair:3   | Received a gift from Okawaru
 12473 | Lair:3   | Reached XP level 13. HP: 68/136 MP: 12/12
 12863 | Lair:3   | Found a staircase to the Shoals.
 13239 | Lair:4   | Reached skill level 1 in Throwing
 13254 | Lair:3   | Slain by a ten-headed hydra

Illustrated notes

Levels and vault maps discovered:
D:1:      minmay_arrival_floating_metal, layout_basic, serial_forest,
          infiniplex_forest_clump_diagonal, infiniplex_forest_corner_1,
          infiniplex_forest_clump_tiny, infiniplex_forest_clump_long,
          infiniplex_forest_lined_2, infiniplex_forest_fountain,
          solitary_fountain
D:2:      layout_loops_cross
D:3:      layout_basic, fiery_altar_vehumet, mainiacjoe_overflow_catwalk,
          portal_sewer_entry_a, dreamdust_ecumenical_altar_hidden_monk_grotto,
          minmay_misc_feat_pillars, minmay_misc_feat_five, chequers_big_river,
          chequers_avenue
D:4:      dreamdust_elfheim, layout_basic, zin_treasury
D:5:      layout_loops_cross, nicolae_tso_besieged_by_evil,
          kennysheep_mini_moat, serial_undead, serial_undead_d, serial_undead_d,
          serial_undead_f, serial_undead_a
D:6:      layout_basic, general_overflow_altar,
          mainiacjoe_overflow_six_doors_small, serial_shops,
          nicolae_book_shop_shelving, minmay_bent, uniq_crazy_yiuf_cottage
D:7:      layout_rooms, mainiacjoe_overflow_small_starburst,
          minmay_temple_entry_junction, uniq_menkaure, uniq_maggie, uniq_pikel,
          uniq_duvessa
D:8:      layout_layer_cave, pf_just_have_faith, serial_shops, shop,
          uniq_prince_ribbit1, uniq_grum
D:9:      layout_big_octagon, trog_three_pillars_becter, okawaru_gym_becter,
          nicolae_overflow_crystal_walls, david_orc_4
D:10:     layout_loops_cross, mainiacjoe_overflow_concentric_impassable,
          marbit_many_paths, hellmonk_lair_entry_icy, serial_shops, shop,
          enter_bailey_8, serial_bayou_crossing
Temple:   hellmonk_temple_of_storms
Lair:1:   kb_forest_paths, layout_big_grid, infiniplex_staircase_pool_2
Lair:2:   layout_hall_layers, spider_nest_entry_a, grunt_megastairs_5,
          uniq_sonja
Lair:3:   layout_cave_pods, minmay_shoals_entry_hut, lemuel_fruit_fields
Lair:4:   layout_roguey, minmay_slime_entry_oklob_enclosed

Skill      XL: |  1  2  3  4  5  6  7  8  9 10 11 12 13 |
---------------+----------------------------------------+-----
Fighting       | 3 4 5 6 7 8 9 10 11 | 11.0
Dodging        | 3 4 5 6 7 8 9 10 | 10.9
Unarmed Combat | 4 5 6 7 9 10 11 12 | 12.9
Shields        | 3 6 |  6.8
Throwing       | 1 |  1.1

Action                     |  1- 3 |  4- 6 |  7- 9 | 10-12 | 13-15 || total
---------------------------+-------+-------+-------+-------+-------++-------
  Melee: Unarmed           |    57 |   146 |   256 |   783 |    95 ||  1337
  Throw: Javelin           |       |       |       |       |     4 ||     4
 Invoke: Heroism           |       |       |       |     1 |     2 ||     3
         Receive Weapon    |       |       |       |     1 |       ||     1
         Receive Armour    |       |       |       |     1 |       ||     1
    Use: Scroll            |       |       |       |    20 |       ||    20
   Stab: Sleeping          |       |       |       |     1 |       ||     1
 Armour: Robe              |    30 |    93 |    75 |       |       ||   198
         Steam dragon scal |       |       |    15 |   443 |    62 ||   520
  Dodge: Dodged            |    27 |    97 |   168 |   902 |    82 ||  1276
  Block: Kite shield       |       |       |       |   252 |    81 ||   333

Table legend: (Time is in decaauts)
 A = Elapsed time spent in this place.
 B = Non-inter-level travel time spent in this place.
 C = Inter-level travel time spent in this place.
 D = Time resting spent in this place.
 E = Time spent auto-exploring this place.
 F = Levels seen in this place.
 G = Mean time per level.
                   A        B        C        D        E       F      G
               +--------+--------+--------+--------+--------+-----+--------+
         Total |  13089 |  12767 |    322 |      0 |   9092 |  17 |  769.9 |
       Dungeon |   8235 |   8035 |    200 |      0 |   6073 |  10 |  823.5 |
        Temple |     60 |     60 |      0 |      0 |      0 |   1 |   60.0 |
          Lair |   3307 |   3185 |    122 |      0 |   2435 |   4 |  826.8 |
         Sewer |    457 |    457 |      0 |      0 |    212 |   1 |  457.0 |
        Bailey |   1027 |   1027 |      0 |      0 |    372 |   1 | 1027.0 |
               +--------+--------+--------+--------+--------+-----+--------+

Top non-repeatable levels by time:
  Lair:3: 1354 daAuts
     D:8: 1287 daAuts
     D:3: 1139 daAuts
  Lair:2: 1110 daAuts
     D:9: 1039 daAuts
  Bailey: 1027 daAuts
    D:10: 850 daAuts
  Lair:1: 822 daAuts
     D:6: 777 daAuts
     D:7: 751 daAuts
     D:1: 718 daAuts
     D:5: 701 daAuts
     D:2: 554 daAuts
   Sewer: 457 daAuts
     D:4: 416 daAuts
